 Dungeon Crawl Stone Soup version 0.21.1-1-g345015f (webtiles) character file.

328 n0claF the Chopper (level 6, -6/53 HPs)
             Began as a Minotaur Gladiator on June 22, 2018.
             Mangled by n0claF's ghost (12 damage)
             ... on level 4 of the Dungeon.
             The game lasted 00:11:18 (2956 turns).

n0claF the Chopper (Minotaur Gladiator)             Turns: 2956, Time: 00:11:20

Health: -6/53      AC:  3    Str: 21    XL:     6   Next: 25%
Magic:  5/5        EV: 13    Int:  5    God:
Gold:   210        SH:  0    Dex: 11    Spells: 5/5 levels left

rFire    . . .     SeeInvis .   a - +0 war axe
rCold    . . .     Gourm    .   (no shield)
rNeg     . . .     Faith    .   b - +0 leather armour
rPois    .         Spirit   .   c - +0 hat
rElec    .         Reflect  .   (no cloak)
rCorr    .         Harm     .   (no gloves)
MR       .....                  (no boots)
Stlth    +.........             (no amulet)
HPRegen  0.17/turn              (no ring)
MPRegen  0.09/turn              (no ring)

@: no status effects
A: retaliatory headbutt, horns 2
a: no special abilities


You were on level 4 of the Dungeon.
You were hungry.

You visited 1 branch of the dungeon, and saw 4 of its levels.

You collected 210 gold pieces.

Inventory:

Hand Weapons
 a - a +0 war axe (weapon)
 w - a +2 quarterstaff of chaos
   (You took it off Crazy Yiuf on level 3 of the Dungeon)
Missiles
 d - 3 throwing nets (quivered) {!f}
Armour
 b - a +0 leather armour (worn)
 c - a +0 hat (worn)
 v - a +0 cloak
   (You took it off Crazy Yiuf on level 3 of the Dungeon)
Jewellery
 l - an uncursed ring of stealth {unknown}
   (You found it on level 2 of the Dungeon)
 m - a +5 ring of dexterity {unknown}
   (You found it on level 2 of the Dungeon)
Scrolls
 h - 3 scrolls of identify {unknown}
 j - 2 scrolls of magic mapping {unknown}
 o - 2 scrolls of remove curse {unknown}
 p - a scroll of amnesia {unknown}
 r - a scroll of noise {unknown}
 s - a scroll of teleportation {unknown}
 u - a scroll of enchant weapon {unknown}
Potions
 f - 2 potions of cancellation {unknown}
 i - a potion of heal wounds {unknown}
 k - 2 potions of curing {unknown}
 n - a potion of might {unknown}
 q - a potion of lignification {unknown}
 t - 2 potions of ambrosia {unknown}
Comestibles
 e - 4 rations {!d}


   Skills:
 + Level 4.4 Fighting
 + Level 5.2 Axes
 - Level 2.0 Throwing
 + Level 3.6 Armour
 + Level 4.8 Dodging


You had 5 spell levels left.
You didn't know any spells.

Dungeon Overview and Level Annotations

Branches:
Dungeon (4/15)
 Temple: D:4-7

Altars:
Makhleb
Nemelex Xobeh
Xom

Annotations:
D:4 n0claF's ghost, novice MiGl


Innate Abilities, Weirdness & Mutations

You reflexively headbutt those who attack you in melee.
You have a pair of horns on your head.


Message History

You headbutt n0claF's ghost. N0claF's ghost completely misses you.
N0claF's ghost hits you!
* * * LOW HITPOINT WARNING * * *
You hit n0claF's ghost but do no damage.
Your headbutt misses n0claF's ghost. N0claF's ghost closely misses you.
You hit n0claF's ghost. N0claF's ghost hits you!
* * * LOW HITPOINT WARNING * * *
There is an open door here.
There is a stone staircase leading up here.
N0claF's ghost closely misses you.
You climb upwards.
There is a stone staircase leading down here.
You start resting.
Some of the chunks of flesh in your inventory have rotted away.
All of the chunks of flesh in your inventory have rotted away.
You are feeling hungry.
There is a stone staircase leading down here.
You climb downwards.
Level annotation: n0claF's ghost, novice MiGl A worker ant comes into view.
The worker ant twitches its antennae in your direction.
The worker ant bites you!
Found 27 stones and a tapered iron wand.
Found a stone staircase leading up.
There is a stone staircase leading up here.
You barely miss the worker ant. You headbutt the worker ant.
The worker ant bites you.
You barely miss the worker ant. The worker ant closely misses you.
You furiously retaliate!
You headbutt the worker ant, but do no damage.
The worker ant closely misses you. You furiously retaliate!
You headbutt the worker ant! You slash the worker ant!
You kill the worker ant!
No target in view!
You start resting.
N0claF's ghost turns its malevolent gaze towards you.
You see here a worker ant corpse.
There is a stone staircase leading up here.
You hit n0claF's ghost but do no damage.
N0claF's ghost hits you.
You slash n0claF's ghost! N0claF's ghost hits you. N0claF's ghost hits you!
You closely miss n0claF's ghost. N0claF's ghost hits you!
* * * LOW HITPOINT WARNING * * *
You hit n0claF's ghost but do no damage.
N0claF's ghost keens inconsolably.
N0claF's ghost hits you!
* * * LOW HITPOINT WARNING * * *
N0claF's ghost hits you!
You die...

..........#
..........#
.......
##........#
.......
#........+
.......
#........#
....... ....
..#######.......
................
..(.............
.......W@..<....
.......†........
......./........
+###+###########


You could see n0claF's ghost.

Vanquished Creatures
  2 crimson imps (D:3)
  An orc priest (D:3)
  Crazy Yiuf (D:3)
  A worker ant (D:4)
  5 adders
  3 gnolls
  3 worms (D:2)
  3 dart slugs
  6 leopard geckos
  6 orcs
  3 giant cockroaches
  14 goblins
  5 hobgoblins
  A jackal (D:2)
  4 quokkas
  2 ball pythons (D:3)
  7 bats
  4 frilled lizards
  6 kobolds
  10 rats
87 creatures vanquished.

Notes
Turn   | Place    | Note
-------+----------+-------------------------------------------
     0 | D:1      | n0claF the Minotaur Gladiator began the quest for the Orb.
     0 | D:1      | Reached XP level 1. HP: 18/18 MP: 0/0
   129 | D:1      | Reached XP level 2. HP: 25/25 MP: 1/1
   192 | D:1      | Reached skill level 1 in Armour
   277 | D:1      | Reached skill level 4 in Axes
   968 | D:2      | Reached XP level 3. HP: 30/31 MP: 2/2
  1175 | D:2      | Reached XP level 4. HP: 34/38 MP: 3/3
  1195 | D:2      | Found a sparkling altar of Nemelex Xobeh.
  1223 | D:2      | Found a faded altar of an unknown god.
  1814 | D:3      | Found a runed door.
  1860 | D:3      | Reached XP level 5. HP: 19/46 MP: 4/4
  2379 | D:3      | Reached skill level 5 in Axes
  2482 | D:3      | Found a shimmering altar of Xom.
  2482 | D:3      | Found a burning altar of Makhleb.
  2491 | D:3      | Reached XP level 6. HP: 52/52 MP: 5/5
  2564 | D:3      | Noticed Crazy Yiuf
  2566 | D:3      | Killed Crazy Yiuf
  2635 | D:4      | Noticed n0claF's ghost (novice MiGl)
  2956 | D:4      | Mangled by n0claF's ghost

Skill      XL: |  1  2  3  4  5 |
---------------+----------------+-----
Armour         | 1 2 3 |  3.6
Axes           | 4 5 |  5.2
Fighting       | 3 4 |  4.4
Dodging        | 4 |  4.8
Throwing       | |  2.0

Action                   |  1- 3 |  4- 6 || total
-------------------------+-------+-------++-------
Melee: War axe           |    87 |   104 ||   191
       Headbutt          |    11 |    20 ||    31
  Eat: Chunk             |     1 |     5 ||     6
Armor: Leather armour    |    12 |    17 ||    29
Dodge: Dodged            |    60 |    81 ||   141
